 Dungeon Crawl Stone Soup version bcrawl-1.19.2-6-g6a88ae04c9 (webtiles) character file.

Game seed: 3772298572411925241

51 Mrkan the Shield-Bearer (level 3, -7/33 HPs)
             Began as a Minotaur Fighter on Jan 6, 2020.
             Was an Initiate of Okawaru.
             Killed by divine providence
             ... invoked by an orc priest
              (11 damage)
             ... on level 2 of the Dungeon.
             The game lasted 00:01:15 (866 turns).

Mrkan the Shield-Bearer (Minotaur Fighter)           Turns: 866, Time: 00:01:16

Health: -7/33      AC:  7    Str: 20    XL:     3   Next: 57%
Magic:  2/2        EV:  7    Int:  5    God:    Okawaru [......]
Gold:   144        SH:  9    Dex: 10    Spells: 2/2 levels left

rFire    . . .     SeeInvis .   a - +0 flail
rCold    . . .     Gourm    .   c - +0 shield
rNeg     . . .     Faith    .   b - +0 scale mail
rPois    .         Spirit   .   (helmet restricted)
rElec    .         Reflect  .   (no cloak)
rCorr    .         Harm     .   (no gloves)
MR       .....                  (no boots)
Stlth    ..........             (no amulet)
HPRegen  0.11/turn              (no ring)
MPRegen  0.08/turn              (no ring)

@: no status effects
A: retaliatory headbutt, horns 2
a: Renounce Religion


You were on level 2 of the Dungeon.
You worshipped Okawaru.
Okawaru was noncommittal.
You were not hungry.

You visited 1 branch of the dungeon, and saw 2 of its levels.

You collected 144 gold pieces.

Inventory:

Hand Weapons
 a - a +0 flail (weapon)
 g - a +0 mace of venom
Armour
 b - a +0 scale mail (worn)
 c - a +0 shield (worn)
Scrolls
 e - 3 scrolls of identify {unknown}
 i - a scroll of fear {unknown}
 l - a scroll of enchant weapon {unknown}
 m - a scroll of blinking {unknown}
 n - a scroll of teleportation {unknown}
Potions
 d - a potion of might
 j - a potion of agility {unknown}
 k - a potion of invisibility {unknown}
Comestibles
 f - 3 rations {!d}
 h - 4 chunks of flesh


   Skills:
 + Level 4.1 Fighting
 * Level 3.6 Maces & Flails
 + Level 4.0 Armour
 + Level 4.1 Shields


You had 2 spell levels left.
You didn't know any spells.
Your spell library was empty.

Dungeon Overview and Level Annotations

Branches:
Dungeon (2/12)

Altars:
Kikubaaqudgha
Okawaru


Innate Abilities, Weirdness & Mutations

You reflexively headbutt those who attack you in melee.
You have a pair of horns on your head.


Message History

You block the orc's attack.
You closely miss the orc priest.
The orc priest invokes the aid of Beogh against you.
Pain shoots through your body! You block the orc's attack.
You hit the orc priest.
The orc priest is lightly wounded.
The orc closely misses you.
The orc priest hits you but does no damage.
You sock the orc priest!
The orc priest is almost dead.
You block the orc's attack.
The orc priest calls down the wrath of Beogh upon you.
Beogh smites you!
* * * LOW HITPOINT WARNING * * *
The orc hits you but does no damage.
You closely miss the orc priest.
The orc priest is almost dead.
The orc priest mumbles some strange prayers to Beogh against you.
Beogh smites you!
You die...

###...........#
#
#...........##.#
#
#..).)......##.#
#
#.......)...##.#
#
####......#.##.#
#.####.#..#o#
#.# #.##.#o# #(#
#.##.#o# #.#
#.##.#@# #.#
#.##.o.# #.#
#.###..#
#........
#..###### #.>.
#.### ... #.#


You could see 2 orc priests and 2 orcs.

Vanquished Creatures
  An ooze (D:1)
  3 worms (D:2)
  A dart slug (D:1)
  3 leopard geckos
  2 orcs (D:2)
  3 giant cockroaches
  4 goblins
  5 hobgoblins
  A ball python (D:2)
  A bat (D:1)
  A frilled lizard (D:2)
  2 kobolds (D:1)
  4 rats
31 creatures vanquished.

Notes
Turn   | Place    | Note
-------+----------+-------------------------------------------
     0 | D:1      | Mrkan the Minotaur Fighter began the quest for the Orb.
     0 | D:1      | Reached XP level 1. HP: 19/19 MP: 0/0
   107 | D:1      | Reached XP level 2. HP: 27/27 MP: 1/1
   467 | D:2      | Reached XP level 3. HP: 33/33 MP: 2/2
   613 | D:2      | Found an ancient bone altar of Kikubaaqudgha.
   704 | D:2      | Found an iron altar of Okawaru.
   714 | D:2      | Became a worshipper of Warmaster Okawaru
   866 | D:2      | Killed from afar by an orc priest

Skill      XL: |  1  2  3 |
---------------+----------+-----
Maces & Flails | 3 |  3.6
Shields        | 4 |  4.1
Fighting       | 4 |  4.1
Armour         | 4 |  4.0

Action                   || total
-------------------------++-------
Melee: Flail             ||    76
       Headbutt          ||    11
Armor: Scale mail        ||    35
Dodge: Dodged            ||    21
Block: Shield            ||    43
